 Dungeon Crawl Stone Soup version 0.29-a0-823-gc37b1572da (webtiles) character file.

Game seed: 18041535943744971794

402278 buhh the Alchemist (level 22, -5/154 HPs)
             Began as an Octopode Transmuter on July 9, 2022.
             Was the Champion of Cheibriados.
             Killed from afar by a Killer Klown (31 damage)
             ... with a klown pie
             ... on level 5 of the Realm of Zot.
             The game lasted 01:08:25 (60135 turns).

buhh the Alchemist (Octopode Transmuter)           Turns: 60135, Time: 01:08:25

Health: -5/154     AC:  0    Str: 18 (24) XL:     22   Next: 98%
Magic:  1/41       EV: 45    Int: 32 (37) God:    Cheibriados [******]
Gold:   609        SH:  0    Dex: 35 (39) Spells: 23/52 levels left

rFire   x . .      SeeInvis .     - Unarmed
rCold   . . .      Faith    .   (shield currently unavailable)
rNeg    . . .      Spirit   .   (helmet currently unavailable)
rPois   .          Reflect  .   Y - amulet of magic regeneration
rElec   .          Harm     .   (ring currently unavailable)
rCorr   .          Rampage  .   (ring currently unavailable)
Will    +....                   (ring currently unavailable)
Stlth   +++++++...              (ring currently unavailable)
HPRegen 0.35/turn               (ring currently unavailable)
MPRegen 0.67/turn               (ring currently unavailable)
                                (ring currently unavailable)
                                (ring currently unavailable)

@: bat-form, fire vulnerable, flying, very slow
A: fast, flying, no casting, almost no armour, (amphibious), (8 rings), tiny,
(camouflage 1), (gelatinous body 1), (nimble swimmer 1), (tentacles), agile 1
}: 3/15 runes: decaying, slimy, gossamer
a: Renounce Religion, Bend Time, Temporal Distortion, Slouch, Step From Time


You were on level 5 of the Realm of Zot.
You worshipped Cheibriados.
Cheibriados was exalted by your worship.
You were a bat.
You visited 9 branches of the dungeon, and saw 46 of its levels.
You also visited: Bailey.

You collected 3480 gold pieces.
You spent 2871 gold pieces at shops.

Inventory:

Jewellery
 g - the ring "Esirasaq" {Dex+6 Stlth+}
   (You acquired it on level 3 of the Dungeon)

   [ring of dexterity]

   Dex:       It affects your dexterity (+6).
   Stlth:     It makes you more stealthy.
 h - the amulet of Ixanalya {+Blink rF+++ Regen+ Dex+2 Slay-5}
   (You found it in a bailey)

   [amulet of regeneration]

   Dex:       It affects your dexterity (+2).
   Slay:      It affects your accuracy & damage with ranged weapons and melee
   (-5).
   rF:        It renders you almost immune to fire.
   +Blink:    It lets you blink.
   Regen:     It increases your rate of health regeneration.
 p - a +4 ring of protection (melded)
 B - the ring "Ratip" (melded) {*Slow rC++ rN+ Int+6}
   (You found it on level 6 of the Dungeon)

   [ring of intelligence]

   Int:       It affects your intelligence (+6).
   rC:        It greatly protects you from cold.
   rN:        It protects you from negative energy.
   *Slow:     It may slow you when you take damage.
 F - a ring of magical power (melded)
 H - a +4 ring of slaying (melded)
 N - the amulet "Wippesch" {Reflect rC+ Dex+3 SH+5}
   (You found it on level 6 of the Lair of Beasts)

   [amulet of reflection]

   It reflects blocked missile attacks.
   Dex:       It affects your dexterity (+3).
   rC:        It protects you from cold.
   SH:        It affects your SH (+5).
 O - the ring "Caocwemo" (melded) {Fire *Slow rN+ Will++ Dex+4}
   (You took it off a fenstrider witch on level 2 of the Swamp)

   [ring of fire]

   It enhances your fire magic.
   Dex:       It affects your dexterity (+4).
   rF:        It protects you from fire.
   rC:        It makes you vulnerable to cold.
   rN:        It protects you from negative energy.
   *Slow:     It may slow you when you take damage.
   Will:      It greatly increases your willpower.
 P - a +4 ring of protection
 R - a +4 ring of slaying (melded)
 S - a ring of see invisible (melded)
 V - a ring of protection from fire (melded)
 W - a ring of wizardry
 Y - an amulet of magic regeneration (around neck)
Wands
 A - a wand of light (15)
 C - a wand of flame (46)
 E - a wand of digging (16)
 J - a wand of mindburst (46)
 K - a wand of roots (51)
 T - a wand of polymorph (20)
Scrolls
 c - 8 scrolls of poison
 d - a scroll of blinking {!d}
 f - 19 scrolls of teleportation {!d}
 i - 3 scrolls of immolation {!d}
 j - 10 scrolls of fog
 r - 3 scrolls of silence {!r}
 s - 4 scrolls of enchant weapon
 w - a scroll of torment
 x - 3 scrolls of enchant armour
 z - 4 scrolls of amnesia
 D - 2 scrolls of noise
 G - 3 scrolls of summoning
 L - 5 scrolls of fear {!r}
Potions
 a - 11 potions of lignification {!d}
 m - 8 potions of attraction
 n - 5 potions of berserk rage {!q}
 o - 6 potions of degeneration
 q - 19 potions of curing {!q!d}
 t - 3 potions of ambrosia {!q!d}
 u - a potion of experience {unknown}
 y - 3 potions of invisibility {!q!d}
 I - 4 potions of mutation {!d}
 Q - 6 potions of haste {!q!d}
 X - 7 potions of resistance {!q!d}
Miscellaneous
 b - a box of beasts
 v - a phial of floods
 Z - a condenser vane


   Skills:
 - Level 14.0 Fighting
 - Level 14.0 Dodging
 * Level 16.0 Stealth
 - Level 14.0 Unarmed Combat
 * Level 15.6 Spellcasting
 - Level 5.0 Conjurations
 - Level 15.0 Translocations
 * Level 17.7 Transmutations
 - Level 8.0 Ice Magic
 * Level 6.3 Air Magic
 - Level 2.0 Poison Magic
 - Level 13.0 Invocations


You had 23 spell levels left.
You knew the following spells:

 Your Spells              Type           Power      Damage    Failure   Level
a - Dragon Form           Tmut           47%        N/A       1%          7
b - Wereblood             Tmut           95%        N/A       0%          2
c - Manifold Assault      Tloc           88%        N/A       1%          5
d - Storm Form            Tmut/Air       40%        N/A       11%         7
e - Ozocubu's Armour      Ice            66%        N/A       1%          3
f - Irradiate             Conj/Tmut      39%        3d26      1%          5

Your spell library contained the following spells:

 Spells                   Type           Power      Damage    Failure   Level
 Apportation              Tloc           100%       N/A       0%          1
 Beastly Appendage        Tmut           100%       N/A       0%          1
 Blink                    Tloc           100%       N/A       0%          2
 Gell's Gravitas          Tloc           88%        N/A       0%          3
 Lesser Beckoning         Tloc           88%        N/A       0%          3
 Teleport Other           Tloc           88%        N/A       0%          3
 Magic Dart               Conj           100%       1d8       1%          1
 Necrotise                Necr           100%       1d9       1%          1
 Summon Small Mammal      Summ           100%       N/A       1%          1
 Mephitic Cloud           Conj/Pois/Air  52%        N/A       1%          3
 Spider Form              Tmut/Pois      73%        N/A       1%          3
 Airstrike                Air            30%        0-10+     1%          4
 Ice Form                 Ice/Tmut       82%        N/A       1%          4
 Passage of Golubria      Tloc           88%        N/A       1%          4
 Petrify                  Tmut/Erth      69%        N/A       1%          4
 Blade Hands              Tmut           47%        N/A       1%          5
 Yara's Violent Unravell  Hex/Tmut       34%        3d14      1%          5
 Dispersal                Tloc           44%        N/A       1%          6
 Call Imp                 Summ           25%        N/A       2%          2
 Scorch                   Fire           50%        2d7       2%          2
 Sublimation of Blood     Necr           25%        N/A       2%          2
 Summon Forest            Summ/Tloc      32%        N/A       2%          5
 Summon Lightning Spire   Summ/Air       45%        N/A       4%          4
 Lightning Bolt           Conj/Air       28%        1d45      4%          5
 Summon Guardian Golem    Hex/Summ       25%        N/A       5%          3
 Tukima's Dance           Hex            25%        N/A       5%          3
 Corpse Rot               Necr/Pois/Air  42%        N/A       5%          4
 Flame Wave               Conj/Fire      41%        2d9       6%          4
 Statue Form              Tmut/Erth      46%        N/A       7%          6
 Metabolic Englaciation   Hex/Ice        25%        N/A       10%         5
 Anguish                  Hex/Necr       12%        N/A       17%         4
 Cause Fear               Hex            12%        N/A       17%         4
 Dispel Undead            Necr           25%        3d12      17%         4
 Summon Mana Viper        Hex/Summ       25%        N/A       43%         5
 Simulacrum               Ice/Necr       25%        N/A       45%         6
 Ozocubu's Refrigeration  Ice            33%        4d11      50%         7
 Iron Shot                Conj/Erth      20%        9d5       67%         6
 Orb of Destruction       Conj           27%        9d9       88%         7
 Death Channel            Necr           12%        N/A       95%         6
 Summon Cactus Giant      Summ           12%        N/A       95%         6
 Necromutation            Tmut/Necr      34%        N/A       96%         8
 Spellforged Servitor     Conj/Summ      20%        N/A       99%         7
 Enfeeble                 Hex            12%        N/A       100%        7
 Borgnjor's Revivificati  Necr           12%        N/A       100%        8
 Ignition                 Fire           12%        3d6       100%        8
 Maxwell's Capacitive Co  Air            30%        ∞         100%        8
 Chain Lightning          Conj/Air       28%        3d38      100%        9
 Death's Door             Necr           12%        N/A       100%        9
 Dragon's Call            Summ           12%        N/A       100%        9
 Fire Storm               Conj/Fire      20%        8d5       100%        9
 Shatter                  Erth           12%        3d13*     100%        9
 Animate Armour           Summ/Erth      Unusable   N/A       N/A         4

Dungeon Overview and Level Annotations

Branches:
Dungeon (15/15) Zot: 38068  Temple (1/1) D:7 Zot: 8688    Lair (6/6) D:11 Zot: 34488
  Swamp (4/4) Lair:2 Zot: 27923  Spider (4/4) Lair:3 Zot: 26790   Slime (5/5) Lair:6 Zot: 38129
    Orc (2/2) D:10 Zot: 13929     Elf (0/3) Orc:2        Depths (4/4) D:15 Zot: 31309
    Zot (5/5) Depths:4 Zot: 38445  Bailey (visited)
 Vaults: D:13-14

Altars:
Ashenzari
Cheibriados
Dithmenos
Elyvilon
Fedhas
Gozag
Hepliaklqana
Kikubaaqudgha
Makhleb
Nemelex Xobeh
Okawaru
Qazlal
Ru
Sif Muna
Trog
Uskayaw
Vehumet
Wu Jian
Xom
Yredelemnul
Zin
The Shining One

Shops:
D:5 =   D:12 :*[*   Orc:2 ([*?   Depths:1 =:=

Portals:
Hell: Depths:1 Depths:2 Depths:3 Depths:4
Abyss: Depths:1 Depths:3
Ziggurat: Depths:1
Trove: D:10 (give 2 scrolls of acquirement)

Annotations:
D:3 1 runed translucent door, gdog's ghost, amateur GnDe
D:7 1 runed translucent door, Encipher's ghost, novice OpTm; Menkaure
D:10 3 transporters
D:13 exclusion: centaur warrior
Lair:4 exclusion: downstairs
Lair:6 exclusion: obsidian statue
Swamp:3 3 runed translucent doors, Kacaoki's ghost, adept MiBe
Orc:1 2 transporters, jfcaron's ghost, journeyman TrGl
Depths:4 1 transporter
Zot:5 1 runed translucent door, RBrandon's ghost, veteran PaGl


Innate Abilities, Weirdness & Mutations

You are a bat.
You are tiny and dextrous.
You move quickly.
You are flying.
Your equipment is almost entirely melded.
You are incapable of wielding weapons or throwing items.
You cannot cast spells.
You cannot wear most types of armour.
((You are amphibious.))
((You can wear up to eight rings at the same time.))
((Your skin changes colour to match your surroundings (Stealth+).))
((Your rubbery body absorbs attacks. (AC +1, EV +1)))
((You are camouflaged when in or above water. (Stealth+)))
((You have tentacles for arms and can constrict up to eight enemies at once.))
You are agile. (Dex +4, Str/Int -1)


Message History

The klown pie hits you!!
Cherry!
Cherry-coloured flames burn away your fire resistance!
The Killer Klown blinks!
You can't see any susceptible monsters within range! (Use Z to cast anyway.)
You can't see any susceptible monsters within range! (Use Z to cast anyway.)
The Killer Klown pies you viciously! The klown pie hits you!
Raspberry!
You feel weakened.
You feel dopey.
You feel clumsy. The Killer Klown drops a net on you.
The net is torn apart by your bulk.
Space momentarily warps into an impossible shape!
You barely miss the Killer Klown.
Space momentarily warps into an impossible shape!
You barely miss the Killer Klown.
Space momentarily warps into an impossible shape!
You barely miss the Killer Klown. The Killer Klown pies you viciously!
The klown pie hits you!!
Moon pie!
Your transformation has ended.
You turn into a bat.
Your ring of see invisible melds into your body.
Your ring of protection from fire melds into your body.
The ring "Ratip" {*Slow rC++ rN+ Int+6} melds into your body.
Your +4 ring of slaying melds into your body.
The ring "Caocwemo" {Fire *Slow rN+ Will++ Dex+4} melds into your body.
Your +4 ring of slaying melds into your body.
Your ring of magical power melds into your body.
Your +4 ring of protection melds into your body.
You feel stupid.
You feel your magic capacity decrease.
You can't do that in your present form.
You can't do that in your present form.
You can't do that in your present form.
The Killer Klown pies you viciously! The klown pie hits you!!
Raspberry!
You feel weakened.
You feel dopey.
You feel clumsy.
* * * LOW HITPOINT WARNING * * *
The Killer Klown pies you viciously! The klown pie hits you!!
Raspberry!
You feel weakened.
You feel dopey.
You feel clumsy.
You die...

▓▓▓▓▓▓▓▓▓#
....†^...###
.....##)...##
...
###...##########
.
##p.............
##b..^.........#
#.......^.....#
##...........#
#...........#
##...........##
#.............#
##.......^.....#
#.......).......
########[#######


You could see a Killer Klown.

Vanquished Creatures
  the Royal Jelly (Slime:5)
  3 dread liches (Zot:5)
  2 orbs of fire
  Mara (Swamp:3)
  Bai Suzhen (Swamp:3)
  2 Killer Klowns (Zot:5)
  A curse toe (Zot:5)
  2 golden dragons
  Jory (Depths:3)
  2 electric golems (Zot:5)
  5 tentacled monstrosities
  A lich (Depths:4)
  15 Orb Guardians (Zot:5)
  3 quicksilver dragons
  15 acid blobs
  A walking frostbound tome (Zot:3)
  6 death cobs
  3 shadow dragons
  3 storm dragons
  3 draconian monks
  6 fenstrider witches
  Kirke (Swamp:1)
  Donald (Swamp:1)
  7 azure jellies
  5 rockslimes
  2 draconian knights
  2 narguns (Zot:2)
  4 frost giants
  4 fire giants
  9 emperor scorpions
  2 draconian shifters (Zot:4)
  4 draconian scorchers
  Louise (Spider:4)
  2 orc warlords
  A balrug (Depths:1)
  3 ghost moths
  2 broodmothers
  4 draconian stormcallers
  9 very ugly things
  8 quicksilver oozes
  12 stone giants
  2 draconian annihilators (Zot:4)
  5 eleionomae
  A vampire knight (Depths:2)
  5 green draconians
  7 bunyips
  7 black draconians
  7 purple draconians
  4 dire elephants (Lair:6)
  2 entropy weavers (Spider:3)
  12 yellow draconians
  9 red draconians
  6 spark wasps
  3 white draconians
  Josephine (Lair:4)
  10 ettins
  2 great orbs of eyes
  7 fire dragons
  A shambling mangrove (Swamp:3)
  A deep elf high priest (Depths:4)
  3 jiangshi (Depths:1)
  Harold (Orc:1)
  A hell beast (Depths:1)
  4 ice dragons
  3 spriggan air magi
  6 boulder beetles
  3 radroaches
  A jorogumo (Spider:2)
  23 hydras
  4 centaur warriors
  3 ghost crabs
  A catoblepas (Lair:6)
  7 two-headed ogres
  13 alligators
  A death scarab (Spider:3)
  2 deep troll shamans (Depths:2)
  3 vampire magi
  3 dancing weapons
  6 tengu warriors
  18 death yaks
  5 hell hogs (Depths:1)
  Urug (Lair:4)
  2 deep troll earth magi (Depths:2)
  4 spriggan berserkers
  13 spriggans
  3 sun demons
  2 soul eaters
  9 hell knights
  A spectral death yak (Lair:6)
  4 iron trolls (Zot:3)
  5 skeletal warriors (D:15)
  7 pharaoh ants
  A flayed ghost (D:8)
  12 deep trolls
  7 goliath frogs
  7 steelbarb worms
  6 spriggan druids
  A sun moth (Spider:3)
  6 swamp dragons
  16 orb spiders
  8 orc knights
  6 bog bodies
  6 necromancers
  A wizard (D:15)
  Pikel (D:7)
  3 lindwurms (Swamp:4)
  2 glowing orange brains
  2 deep elf pyromancers
  5 shining eyes
  2 orc sorcerers (Orc:2)
  14 wolf spiders
  3 will-o-the-wisps
  23 ugly things
  21 moths of wrath
  5 cyclopes
  Joseph (D:7)
  25 elephants
  5 black mambas
  A smoke demon (Depths:1)
  A dire elephant zombie (Lair:6)
  21 cane toads
  A dire elephant skeleton (Lair:6)
  2 gargoyles
  6 torpor snails
  2 eyes of devastation (Slime:3)
  2 hellions (Depths:1)
  3 rime drakes
  12 demonic crawlers
  A kobold demonologist (D:11)
  An efreet (Zot:3)
  13 komodo dragons
  3 tengu conjurers
  2 polar bears (Lair:2)
  10 trolls
  4 bloated husks
  10 meliai
  14 tyrant leeches
  A wolf spider simulacrum (D:14)
  19 tarantellas
  4 blink frogs (Lair:5)
  Prince Ribbit (D:5)
  27 hornets
  32 slime creatures
  5 dream sheep (Lair:6)
  3 spectral elephants (Lair:6)
  22 culicivoras
  A shadow (D:8)
  A vampire (D:9)
  36 jumping spiders
  4 wyverns
  86 yaks
  8 wraiths
  A hog (Swamp:1)
  5 golden eyes (Slime:1)
  3 basilisks
  A basilisk (shapeshifter) (D:13)
  A death yak simulacrum (Lair:6)
  2 steam dragons (Swamp:4)
  34 redbacks
  14 vampire mosquitoes
  3 spectral cane toads (Lair:6)
  18 swamp worms
  20 water moccasins
  5 wargs
  3 acid dragons
  A floating eye (Slime:4)
  10 swamp drakes
  4 black bears
  A sky beast (D:7)
  An ice beast (D:5)
  47 orc warriors
  2 elephant zombies (Lair:6)
  15 ogres
  16 wolves
  19 centaurs
  2 elephant skeletons (Lair:6)
  4 lemures (D:7)
  Blork the orc (D:4)
  8 kobold brigands
  6 bullfrogs
  A gnoll sergeant (D:10)
  2 cane toad simulacra (Lair:6)
  12 wights
  A scorpion (D:5)
  An elephant simulacrum (Lair:6)
  4 jellies
  19 killer bees
  2 electric eels
  5 howler monkeys
  A lava snake (Swamp:4)
  15 orc priests
  A gnoll bouda (D:7)
  5 hounds
  2 iguanas
  21 orc wizards
  7 hell rats (Lair:3)
  5 polar bear simulacra (Lair:5)
  5 yak simulacra (Lair:5)
  A wolf simulacrum (Lair:5)
  2 mummies (D:8)
  20 gnolls
  9 adders
  3 white imps
  An ufetubus (D:5)
  A worm (D:10)
  A dart slug (D:1)
  74 orcs
  4 bats
  8 endoplasms
  3 giant cockroaches
  9 goblins
  5 hobgoblins
  3 jackals (D:1)
  13 kobolds
  6 quokkas
  10 ball pythons
  7 frilled lizards
  8 rats
1506 creatures vanquished.

Vanquished Creatures (collateral kills)
  A tentacled monstrosity (Zot:4)
  2 green draconians (Zot:4)
3 creatures vanquished.

Vanquished Creatures (others)
  A steelbarb worm (Spider:4)
  A swamp dragon (Swamp:4)
  A bloated husk (Swamp:3)
  A spriggan (Swamp:2)
  4 humans
  A swamp worm (Swamp:3)
  4 swamp drakes (Swamp:4)
  7 foxfires
  45 fungi
  39 plants
  27 withered plants
131 creatures vanquished.

Grand Total: 1640 creatures vanquished

Notes
Turn   | Place    | Note
-------+----------+-------------------------------------------
     0 | D:1      | buhh the Octopode Transmuter began the quest for the Orb.
     0 | D:1      | Reached XP level 1. HP: 13/13 MP: 3/3
    62 | D:1      | Reached XP level 2. HP: 15/18 MP: 3/5
   346 | D:1      | Reached XP level 3. HP: 16/23 MP: 4/6
  1128 | D:2      | Found a glowing golden altar of the Shining One.
  1610 | D:2      | Found a faded altar of an unknown god.
  2003 | D:3      | Reached XP level 4. HP: 29/29 MP: 5/7
  2177 | D:3      | Found a burning altar of Makhleb.
  2406 | D:3      | Found a runed translucent door.
  2407 | D:3      | Noticed gdog's ghost (amateur GnDe)
  2509 | D:3      | Found an ornate altar of the Wu Jian Council.
  2967 | D:3      | Reached XP level 5. HP: 30/34 MP: 6/8
  3490 | D:4      | Noticed Blork the orc
  3846 | D:4      | Learned a level 2 spell: Wereblood
  3850 | D:4      | Learned a level 3 spell: Spider Form
  3851 | D:4      | Noticed an ogre
  3858 | D:4      | Killed an ogre
  3859 | D:4      | Reached XP level 6. HP: 38/42 MP: 5/9
  3911 | D:4      | Found a glowing silver altar of Zin.
  3922 | D:4      | Found a broken altar of Ashenzari.
  4754 | D:3      | Identified a scroll of acquirement
  4755 | D:3      | Acquired the ring "Esirasaq" {Dex+6 Stlth+}
  4910 | D:4      | Killed Blork the orc
  4911 | D:4      | Reached XP level 7. HP: 28/47 MP: 2/10
  5193 | D:5      | Entered Level 5 of the Dungeon
  5221 | D:5      | Reached skill level 5 in Unarmed Combat
  5880 | D:6      | Reached skill level 5 in Dodging
  6170 | D:6      | Reached XP level 8. HP: 41/54 MP: 11/11
  6387 | D:6      | Reached skill level 5 in Fighting
  7371 | D:5      | Reached skill level 3 in Transmutations
  7382 | D:5      | Reached XP level 9. HP: 22/62 MP: 12/12
  7633 | D:5      | Noticed Prince Ribbit
  7678 | D:5      | Killed Prince Ribbit
  7679 | D:5      | Reached skill level 4 in Transmutations
  7739 | D:5      | Found Toidokh's Jewellery Shoppe.
  7964 | D:6      | Identified the ring "Ratip" {*Slow rC++ rN+ Int+6}
  8383 | D:6      | Reached skill level 5 in Transmutations
  8753 | D:7      | Noticed Menkaure
  8902 | D:7      | Noticed Pikel
  8912 | D:7      | Killed Pikel
  8913 | D:7      | Reached skill level 5 in Ice Magic
  9214 | D:7      | Found a runed translucent door.
  9214 | D:7      | Noticed Encipher's ghost (novice OpTm)
  9478 | D:7      | Found a staircase to the Ecumenical Temple.
  9486 | Temple   | Entered the Ecumenical Temple
  9778 | D:7      | Noticed Joseph
  9796 | D:7      | Killed Joseph
  9797 | D:7      | Reached skill level 6 in Transmutations
  9797 | D:7      | Reached XP level 10. HP: 51/69 MP: 10/13
 10212 | D:7      | Found a shimmering blue altar of Sif Muna.
 10213 | D:7      | Found a sacrificial altar of Ru.
 10456 | D:8      | Found a transporter.
 10573 | D:8      | Noticed a two-headed ogre
 10579 | D:8      | Found a transporter.
 10592 | D:8      | Killed a two-headed ogre
 10754 | D:8      | Found an ancient bone altar of Kikubaaqudgha.
 10859 | D:8      | Noticed a flayed ghost
 10861 | D:8      | Found a basalt altar of Yredelemnul.
 10887 | D:8      | Learned a level 4 spell: Ice Form
 10969 | D:8      | Reached skill level 7 in Transmutations
 11649 | D:8      | Reached XP level 11. HP: 18/75 MP: 11/14
 11981 | D:8      | Reached skill level 8 in Transmutations
 11987 | D:8      | Reached skill level 8 in Ice Magic
 12271 | D:9      | Found a flagged portal.
 12281 | Bailey   | Entered a bailey
 12327 | Bailey   | Reached skill level 8 in Unarmed Combat
 12384 | Bailey   | Noticed an orc knight
 12393 | Bailey   | Killed an orc knight
 12394 | Bailey   | Reached skill level 8 in Fighting
 12394 | Bailey   | Reached skill level 8 in Dodging
 12401 | Bailey   | Found a burning altar of Makhleb.
 12420 | Bailey   | Identified the amulet of Ixanalya {+Blink rF+++ Regen+
                  | Dex+2 Slay-5}
 13125 | D:10     | Entered Level 10 of the Dungeon
 13675 | D:10     | Found a snail-covered altar of Cheibriados.
 13771 | D:10     | Found a transporter.
 14079 | D:10     | Found a portal to a secret trove of treasure.
 14156 | D:10     | Found a staircase to the Orcish Mines.
 14188 | D:10     | Found a transporter.
 14382 | D:10     | Found a transporter.
 14384 | D:10     | Noticed a two-headed ogre
 14518 | D:10     | Became a worshipper of Cheibriados the Contemplative
 14630 | D:11     | Found a bloodstained altar of Trog.
 14770 | D:11     | Reached XP level 12. HP: 75/85 MP: 11/15
 14933 | D:11     | Found a staircase to the Lair.
 15053 | D:11     | Reached * piety under Cheibriados
 15411 | D:11     | Noticed a six-headed hydra
 15420 | D:11     | Killed a six-headed hydra
 16083 | D:11     | Reached skill level 10 in Unarmed Combat
 16300 | D:11     | Reached skill level 10 in Dodging
 16652 | Lair:1   | Entered Level 1 of the Lair of Beasts
 16669 | Lair:1   | Reached skill level 10 in Fighting
 16778 | Lair:1   | Learned a level 3 spell: Ozocubu's Armour
 18174 | Lair:2   | Reached ** piety under Cheibriados
 18831 | Lair:2   | Reached XP level 13. HP: 94/94 MP: 11/16
 19778 | Lair:3   | Reached *** piety under Cheibriados
 20023 | Lair:3   | Found a hole to the Spider Nest.
 20088 | Lair:4   | Noticed Urug
 20101 | Lair:4   | Killed Urug
 20422 | Lair:4   | Noticed Josephine
 20440 | Lair:4   | Killed Josephine
 20715 | Lair:4   | Reached **** piety under Cheibriados
 21057 | Lair:5   | Reached skill level 5 in Invocations
 21457 | Lair:5   | Reached XP level 14. HP: 92/103 MP: 15/18
 22376 | Lair:5   | Reached ***** piety under Cheibriados
 22398 | Lair:5   | Reached skill level 9 in Transmutations
 22398 | Lair:5   | Reached skill level 8 in Invocations
 23142 | Lair:6   | Entered Level 6 of the Lair of Beasts
 23631 | Lair:6   | Reached skill level 10 in Transmutations
 23755 | Lair:6   | Reached skill level 10 in Invocations
 24314 | Lair:6   | Found a staircase to the Slime Pits.
 24459 | Lair:6   | Noticed a dire elephant
 24459 | Lair:6   | Noticed a dire elephant
 24461 | Lair:6   | Noticed a dire elephant
 24461 | Lair:6   | Noticed a dire elephant
 24521 | Lair:6   | Reached XP level 15. HP: 108/108 MP: 16/22
 24539 | Lair:6   | Reached skill level 11 in Transmutations
 25295 | Lair:6   | Identified the amulet "Wippesch" {Reflect rC+ Dex+3 SH+5}
 25472 | Orc:1    | Entered Level 1 of the Orcish Mines
 25536 | Orc:1    | Noticed an orc warlord
 25537 | Orc:1    | Reached ****** piety under Cheibriados
 25547 | Orc:2    | Entered Level 2 of the Orcish Mines
 25947 | Orc:2    | Paralysed by an orc sorcerer for 3 turns
 25952 | Orc:2    | Reached skill level 12 in Transmutations
 26468 | Orc:2    | Found a staircase to the Elven Halls.
 26774 | Orc:2    | Found Hiant's Antique Armour Shop.
 26774 | Orc:2    | Found Zoac's Assorted Antiques.
 26774 | Orc:2    | Found Ritt's Magic Scroll Emporium.
 26778 | Orc:2    | Found Cemoe's Weapon Boutique.
 26785 | Orc:2    | Bought a scroll of blinking for 105 gold pieces
 26785 | Orc:2    | Bought a scroll of teleportation for 42 gold pieces
 26785 | Orc:2    | Bought a scroll of identify for 28 gold pieces
 26785 | Orc:2    | Bought a scroll of identify for 28 gold pieces
 26802 | Orc:2    | Bought a scroll of fog for 28 gold pieces
 26802 | Orc:2    | Bought a scroll of enchant armour for 105 gold pieces
 26806 | Orc:2    | Bought a scroll of blinking for 150 gold pieces
 27116 | Orc:1    | Learned a level 5 spell: Irradiate
 27284 | Orc:1    | Noticed Harold
 27292 | Orc:1    | Killed Harold
 27292 | Orc:1    | Noticed an orc warlord
 27306 | Orc:1    | Killed an orc warlord
 27479 | Orc:1    | Noticed jfcaron's ghost (journeyman TrGl)
 27490 | Orc:1    | Found a transporter.
 27503 | Orc:1    | Found a transporter.
 27634 | Orc:1    | Found a bloodstained altar of Trog.
 27946 | Orc:2    | Killed an orc warlord
 28382 | D:12     | Found Vehaegg's General Store.
 28385 | D:12     | Bought a scroll of identify for 28 gold pieces
 28385 | D:12     | Bought a scroll of identify for 28 gold pieces
 28385 | D:12     | Bought a scroll of fear for 49 gold pieces
 28649 | D:12     | Found Luukhlum's General Store.
 28654 | D:12     | Bought a scroll of identify for 34 gold pieces
 28830 | D:12     | Found Xyaj Jiff's Armour Boutique.
 29230 | D:12     | Found Anoetun's Book Boutique.
 29238 | D:12     | Bought a book of the Dragon for 598 gold pieces
 29991 | D:14     | Reached skill level 13 in Transmutations
 30127 | D:14     | Identified the +5 chain mail of the Feral God {rF+ rN+
                  | Stlth+}
 30188 | D:14     | Reached XP level 16. HP: 114/114 MP: 23/25
 30800 | D:13     | Reached skill level 5 in Conjurations
 31360 | Lair:2   | Learned a level 7 spell: Dragon Form
 31735 | D:8      | Got Haeddouv's Compilation of Darkness and Pyromania
 32175 | Lair:2   | Found a staircase to the Swamp.
 32190 | Swamp:1  | Entered Level 1 of the Swamp
 32227 | Swamp:1  | Reached skill level 14 in Transmutations
 32677 | Swamp:1  | Noticed Donald
 32687 | Swamp:1  | Killed Donald
 32896 | Swamp:1  | Noticed Kirke
 32900 | Swamp:1  | Killed Kirke
 32901 | Swamp:1  | Reached skill level 5 in Translocations
 33039 | Swamp:2  | Noticed a fenstrider witch
 33044 | Swamp:2  | Paralysed by a fenstrider witch for 5 turns
 33444 | Swamp:2  | Noticed a fenstrider witch
 33870 | Swamp:2  | Identified the ring "Caocwemo" {Fire *Slow rN+ Will++
                  | Dex+4}
 34016 | Swamp:2  | Noticed a fenstrider witch
 34456 | Swamp:2  | Reached skill level 8 in Translocations
 34658 | Swamp:3  | Reached skill level 5 in Spellcasting
 34774 | Swamp:3  | Reached XP level 17. HP: 119/119 MP: 19/26
 34844 | Swamp:3  | Learned a level 5 spell: Manifold Assault
 36036 | Swamp:3  | Noticed Mara
 36041 | Swamp:3  | Noticed buhh's illusion
 36143 | Swamp:3  | Noticed buhh's illusion
 36372 | Swamp:3  | Killed Mara
 36669 | Swamp:3  | Noticed Bai Suzhen
 36678 | Swamp:3  | Killed Bai Suzhen
 36753 | Swamp:3  | Reached skill level 10 in Translocations
 36868 | Swamp:3  | Found a runed translucent gate.
 36868 | Swamp:3  | Found a runed translucent gate.
 36868 | Swamp:3  | Found a runed translucent gate.
 36873 | Swamp:3  | Noticed Kacaoki's ghost (adept MiBe)
 37108 | Swamp:4  | Entered Level 4 of the Swamp
 37396 | Swamp:4  | Found a runed translucent door.
 37398 | Swamp:4  | Reached skill level 8 in Spellcasting
 38301 | Swamp:4  | Got a decaying rune of Zot
 38666 | Lair:3   | Reached XP level 18. HP: 126/126 MP: 13/31
 39514 | Spider:1 | Entered Level 1 of the Spider Nest
 40334 | Spider:1 | Reached skill level 10 in Spellcasting
 44203 | Spider:4 | Entered Level 4 of the Spider Nest
 44210 | Spider:4 | Reached XP level 19. HP: 131/131 MP: 24/35
 44957 | Spider:4 | Reached skill level 15 in Translocations
 45410 | Spider:4 | Noticed Louise
 45414 | Spider:4 | Killed Louise
 45837 | Spider:4 | Got a gossamer rune of Zot
 46051 | Slime:1  | Entered Level 1 of the Pits of Slime
 47149 | Slime:5  | Entered Level 5 of the Pits of Slime
 47846 | Slime:5  | Noticed the Royal Jelly
 47852 | Slime:5  | Killed the Royal Jelly
 48781 | Slime:5  | Found the +15 Maxwell's patent armour {-Cast -Tele rElec
                  | Will+ rCorr}
 48791 | Slime:5  | Found the +5 robe of Night {Dark Will+ SInv}
 48957 | Slime:5  | Got a slimy rune of Zot
 49005 | Slime:5  | Identified the +1 leather armour "Goar Vewk" {+Blink rPois
                  | rF+}
 49409 | D:15     | Entered Level 15 of the Dungeon
 49708 | D:15     | Reached XP level 20. HP: 141/141 MP: 4/36
 49717 | D:15     | Found a hide-covered altar of Uskayaw.
 50029 | D:5      | Bought a ring of magical power for 260 gold pieces
 50524 | D:15     | Found a staircase to the Depths.
 50554 | Depths:1 | Entered Level 1 of the Depths
 50554 | Depths:1 | Found a one-way gate to the infinite horrors of the Abyss.
 50719 | Depths:1 | Found a one-way gateway to a ziggurat.
 51380 | Depths:1 | Found Bousm's Jewellery Emporium.
 52288 | Depths:1 | Found a gateway to Hell.
 52299 | Depths:1 | Found Fyareps's Book Boutique.
 52300 | Depths:1 | Found Qaurheeme's Jewellery Emporium.
 52306 | Depths:1 | Bought an amulet of magic regeneration for 420 gold pieces
 52309 | Depths:1 | Bought a book of the Sky for 968 gold pieces
 52349 | Depths:2 | Reached skill level 5 in Stealth
 53482 | Depths:3 | Noticed Jory
 53493 | Depths:3 | Killed Jory
 53699 | Depths:3 | Reached skill level 8 in Stealth
 53832 | Depths:4 | Entered Level 4 of the Depths
 53846 | Depths:4 | Reached skill level 15 in Transmutations
 54267 | Depths:4 | Found a transporter.
 54468 | Depths:4 | Found a gate to the Realm of Zot.
 54549 | Depths:4 | Reached XP level 21. HP: 147/148 MP: 24/38
 54558 | Zot:1    | Entered Level 1 of the Realm of Zot
 54558 | Zot:1    | Noticed a golden dragon
 54777 | Zot:1    | Killed a golden dragon
 54778 | Zot:1    | Reached skill level 10 in Stealth
 55132 | Zot:2    | Identified the +8 double sword of Conflict {flame, Int+4}
 55872 | Zot:3    | Reached skill level 16 in Transmutations
 56299 | Zot:4    | Noticed an orb of fire
 56303 | Zot:4    | Gained mutation: You are dopey. (Int -2) [an orb of fire]
 56305 | Zot:4    | Killed an orb of fire
 56860 | Zot:4    | Reached XP level 22. HP: 154/154 MP: 4/40
 56906 | Zot:4    | HP: 7/154 [purple draconian shifter/+0 long sword (16)]
 58266 | Zot:4    | Reached skill level 17 in Transmutations
 58274 | Zot:4    | Learned a level 7 spell: Storm Form
 58296 | Zot:5    | Entered Level 5 of the Realm of Zot
 58299 | Zot:5    | Reached skill level 15 in Spellcasting
 58347 | Zot:5    | Found a runed translucent door.
 58348 | Zot:5    | Noticed RBrandon's ghost (veteran PaGl)
 58629 | Zot:5    | Noticed a golden dragon
 58993 | Zot:5    | Killed a golden dragon
 59215 | Zot:5    | Reached skill level 15 in Stealth
 59236 | Zot:5    | Noticed a dread lich
 59241 | Zot:5    | Reached skill level 5 in Air Magic
 59243 | Zot:5    | Killed a dread lich
 59376 | Zot:5    | Noticed a dread lich
 59384 | Zot:5    | Killed a dread lich
 59470 | Zot:5    | Noticed a Killer Klown
 59473 | Zot:5    | Killed a Killer Klown
 59474 | Zot:5    | Noticed a curse toe
 59476 | Zot:5    | Noticed a dread lich
 59479 | Zot:5    | Killed a curse toe
 59481 | Zot:5    | Killed a dread lich
 59763 | Zot:5    | Noticed an orb of fire
 59764 | Zot:5    | Gained mutation: You sometimes lose your temper in combat.
                  | [an orb of fire]
 59767 | Zot:5    | Killed an orb of fire
 59797 | Zot:5    | Lost mutation: You are dopey. (Int -2) [potion of mutation]
 59797 | Zot:5    | Lost mutation: You sometimes lose your temper in combat.
                  | [potion of mutation]
 59797 | Zot:5    | Gained mutation: You are agile. (Dex +4, Str/Int -1)
                  | [potion of mutation]
 60118 | Zot:5    | Noticed a Killer Klown
 60119 | Zot:5    | Noticed a Killer Klown
 60124 | Zot:5    | Killed a Killer Klown
 60135 | Zot:5    | Killed from afar by a Killer Klown

Illustrated notes

Levels and vault maps discovered:
D:1:      evilmike_arrival_plus, layout_basic
D:2:      layout_loops_ring, shapermc_ecumenical_altar_totnotflames, basic_altar
D:3:      layout_basic, old_standard_altar, old_standard_altar,
          ebering_ghost_reflecting_pool
D:4:      layout_gridville, mainiacjoe_overflow_catch_the_wave, minmay_between,
          uniq_blork_the_orc
D:5:      layout_basic, serial_shops, kennysheep_mini_moat, grunt_tough_drop,
          uniq_prince_ribbit1
D:6:      layout_gridville
D:7:      layout_basic, gammafunk_temple_overflow_wave,
          minmay_temple_entry_arrows, gammafunk_ghost_grave, chequers_jeans,
          mrwooster_statue_mirror, serial_bayou_pond_a, uniq_pikel,
          uniq_menkaure, uniq_joseph
D:8:      argonaut_augean_stables, layout_cave_pods, gammafunk_temple_of_torment
D:9:      layout_basic, enter_bailey_3
D:10:     layout_cave_pools, chei_slow_surprise, orc_0_dummy, enter_trove_0,
          minmay_crystal_room, nicolae_diode_intersection
D:11:     layout_stronghold, minmay_lair_entry_grove, trog_antimagical
D:12:     layout_loops_corners, serial_shops, kennysheep_mini, shop, shop,
          nicolae_shop_temple_entry_statues_fountains
D:13:     layout_basic, eino_jars
D:14:     layout_small_grid, grunt_vaults_entry_fortified,
          chequers_serial_rivers_large_a, grunt_ministairs_12, chequers_avenue
D:15:     hangedman_depths_entry_civil_slaughter, layout_long_grid,
          gauntlet_entry_generic, nicolae_uskayaw_murder_on_the_dancefloor,
          chequers_serial_rivers_micro_d
Temple:   nicolae_temple_figure_eight
Lair:1:   layout_regular_city, lemuel_fruit_tree, grunt_megastairs_2,
          serial_bayou_shore_b
Lair:2:   layout_layer_cave, palyth_hydra_swamp_entry,
          chequers_serial_rivers_room_a, gammafunk_lair_bear_cave
Lair:3:   layout_loops_ring, nicolae_spider_entry_tight_spaces,
          infiniplex_staircase_pool_2
Lair:4:   layout_misc_corridors, st_stairs_10, grunt_megastairs_1,
          uniq_josephine, uniq_urug
Lair:5:   layout_layer_cave, eino_house_with_fridge, lemuel_fruit_fields,
          grunt_megastairs_3
Lair:6:   due_jungle_book, layout_regular_city, dpeg_slime_entry_enclosed,
          lemuel_fruit_fields
Swamp:1:  layout_falls_marsh, hangedman_swamp_ruin_hall, uniq_donald, uniq_kirke
Swamp:2:  nzn_winding_woodlands_cross [nzn_winding_woodlands_5x15_concentric,
          nzn_winding_woodlands_5x15_jagged,
          nzn_winding_woodlands_5x15_lazy_stream,
          nzn_winding_woodlands_5x15_parted,
          nzn_winding_woodlands_15x15_witchcraft], layout_basic_swamp,
          nicolae_swamp_oxbows
Swamp:3:  layout_basic_swamp, ebering_ghost_rock_garden,
          evilmike_swamp_ruin_house_4, uniq_bai_suzhen, uniq_mara
Swamp:4:  swamp_fiery, layout_basic_swamp, swamp_pool1,
          nicolae_swamp_rocky_clearing, nzn_swamp_weyward_sisters
Spider:1: layout_spider_delve
Spider:2: layout_spider_delve, nicolae_spider_scorpion_nest,
          nicolae_spider_cling_halls
Spider:3: nicolae_spider_hilbert_zone_4 [nicolae_spider_hilbert_4_sides_2_open,
          nicolae_spider_hilbert_4_sides_1_open,
          nicolae_spider_hilbert_4_sides_1_open,
          nicolae_spider_hilbert_4_sides_1_open,
          nicolae_spider_hilbert_4_sides_1_open,
          nicolae_spider_hilbert_2_sides_1_open,
          nicolae_spider_hilbert_2_sides_1_open,
          nicolae_spider_hilbert_2_sides_1_open,
          nicolae_spider_hilbert_2_sides_1_open,
          nicolae_spider_hilbert_6_sides_1_open,
          nicolae_spider_hilbert_6_sides_1_open,
          nicolae_spider_hilbert_3_sides_1_open,
          nicolae_spider_hilbert_3_sides_1_open], portal_ice_cave_entry_dragon,
          ebering_ghost_rock_garden
Spider:4: spider_rune_water, drop_trap, nicolae_spider_cling_ruins,
          spiders_nest_hornet_nest, uniq_louise
Slime:1:  layout_caves
Slime:2:  cheibrodos_slime_lost_civilization_8, layout_caves
Slime:3:  layout_caves
Slime:4:  layout_caves
Slime:5
Orc:1:    layout_caves, nicolae_volcano_entry_hallway,
          gammafunk_ghost_wrathful_warriors, special_room [special_room_orc],
          nicolae_orc_damp_corner, uniq_harold
Orc:2:    st_orc_rangers, layout_diamond_mine, guppyfry_orc_lava_fort
Depths:1: layout_basic, enter_ziggurat_e, hellmouth_2, abyss_entry_glasseish,
          hangedman_decor_slide_cut, nicolae_rare_books,
          kilobyte_rumbling_trees, minmay_shop_grove
Depths:2: minmay_the_grid_four_pointed_star
          [minmay_the_grid_triangle_9x9_skeleton,
          minmay_the_grid_triangle_9x9_odd_lines,
          minmay_the_grid_triangle_9x9_sprig,
          minmay_the_grid_triangle_9x9_semitri,
          minmay_the_grid_prize_diamond_cup], layout_basic,
          nicolae_abyss_entry_one_way_or_another, hangedman_tar_grid_catacomb,
          rand_demon_pan_entry_3, uniq_josephina
Depths:3: minmay_tile_spiral, layout_cave_shapes, minmay_tree_intersection,
          hangedman_coc_ice_floe, abyss_entry, grunt_pan_entry_zigzag,
          minmay_staircase_windowed_small, uniq_margery, uniq_jory
Depths:4: grunt_zot_entry_tricorne, layout_cave_shapes, hell_entry,
          gammafunk_ghost_abyssal_escape, uniq_enchantress
Zot:1:    layout_basic, grunt_ministairs_10
Zot:2:    layout_gridville, nicolae_rock_paper_scissors
Zot:3:    lemuel_halls_of_wrath, layout_gridlike, gammafunk_ghost_cemetery
Zot:4:    layout_twisted_circle
Zot:5:    layout_misc_corridors, gammafunk_ghost_grave

Skill      XL: |  1  2  3  4  5  6  7  8  9 10 11 12 13 14 15 16 17 18 19 20 21 22 |
---------------+-------------------------------------------------------------------+-----
Stealth        | 1 2 9 13 16 | 16.0
Poison Magic   | 1 2 |  2.0
Fighting       | 2 3 4 6 7 9 10 12 13 14 | 14.0
Dodging        | 3 4 5 6 7 9 10 12 13 14 | 14.0
Unarmed Combat | 4 5 6 7 9 10 12 13 14 | 14.0
Ice Magic      | 2 6 7 8 |  8.0
Transmutations | 3 6 7 8 10 13 14 15 16 17 | 17.7
Invocations    | 5 10 13 | 13.0
Conjurations   | 4 5 |  5.0
Translocations | 8 11 14 15 | 15.0
Spellcasting   | 5 9 12 13 14 15 | 15.6
Air Magic      | 1 6 |  6.3

Action                   |  1- 3 |  4- 6 |  7- 9 | 10-12 | 13-15 | 16-18 | 19-21 | 22-24 || total
-------------------------+-------+-------+-------+-------+-------+-------+-------+-------++-------
Melee: Unarmed           |    77 |   106 |   271 |   532 |   932 |   683 |   827 |   258 ||  3686
       Kick              |    29 |    21 |    19 |     6 |       |       |       |       ||    75
       Constrict         |    26 |    20 |    17 |     2 |     1 |       |     3 |     2 ||    71
       Tentacles         |    11 |    17 |    19 |     7 |     1 |     1 |     4 |     4 ||    64
       Punch             |     1 |       |     1 |     2 |     1 |    31 |    21 |     6 ||    63
       Tailslap          |       |       |       |       |       |    60 |    42 |     9 ||   111
       Bite              |       |       |       |       |       |    39 |    33 |     7 ||    79
 Cast: Beastly Appendage |    27 |    30 |    19 |     4 |       |       |       |       ||    80
       Spider Form       |       |     4 |    20 |     2 |       |       |       |       ||    26
       Wereblood         |       |       |     5 |    11 |    20 |       |     1 |     1 ||    38
       Ice Form          |       |       |       |    60 |    97 |     8 |       |       ||   165
       Ozocubu's Armour  |       |       |       |     2 |    22 |       |       |       ||    24
       Irradiate         |       |       |       |       |     8 |     1 |       |       ||     9
       Dragon Form       |       |       |       |       |       |   123 |    81 |    29 ||   233
       Manifold Assault  |       |       |       |       |       |   142 |   313 |   131 ||   586
Invok: Slouch            |       |       |       |       |     7 |     5 |       |       ||    12
       Step From Time    |       |       |       |       |       |     2 |     4 |     2 ||     8
 Abil: Breathe Fire      |       |       |       |       |       |     1 |       |       ||     1
Evoke: Wand              |       |       |       |    13 |     2 |     1 |     2 |     5 ||    23
       Condenser vane    |       |       |       |       |     2 |       |       |       ||     2
  Use: Scroll            |       |     8 |     4 |     2 |    26 |     5 |     9 |     7 ||    61
       Potion            |       |       |     1 |     2 |     1 |     1 |     9 |     4 ||    18
 Stab: Sleeping          |     6 |     9 |     4 |    10 |    12 |     5 |       |       ||    46
       Distracted        |       |       |       |     1 |     1 |     2 |     2 |     1 ||     7
       Confused          |       |       |       |       |     3 |       |       |       ||     3
       Held in net/web   |       |       |       |       |       |     2 |       |       ||     2
Armor: Skin              |     5 |    11 |    34 |   166 |   283 |   184 |    76 |    39 ||   798
Dodge: Dodged            |    26 |    67 |   232 |   355 |  1071 |   665 |   378 |   128 ||  2922
Block: Other             |       |       |       |       |    88 |   154 |    86 |       ||   328
       Reflection        |       |       |       |       |    13 |     5 |     3 |       ||    21

Table legend: (Time is in decaauts)
 A = Elapsed time spent in this place.
 B = Non-inter-level travel time spent in this place.
 C = Inter-level travel time spent in this place.
 D = Time resting spent in this place.
 E = Time spent auto-exploring this place.
 F = Levels seen in this place.
 G = Mean time per level.
                   A        B        C        D        E       F      G
               +--------+--------+--------+--------+--------+-----+--------+
         Total |  74811 |  68656 |   6155 |  12563 |  45616 |  47 | 1591.7 |
       Dungeon |  24440 |  21270 |   3170 |   2445 |  16019 |  15 | 1629.3 |
        Temple |    207 |    198 |      9 |      0 |    198 |   1 |  207.0 |
          Lair |  14444 |  12950 |   1494 |    525 |  10675 |   6 | 2407.3 |
         Swamp |   8091 |   7906 |    185 |   1479 |   5260 |   4 | 2022.8 |
   Spider Nest |   9212 |   8383 |    829 |   1652 |   5342 |   4 | 2303.0 |
    Slime Pits |   3485 |   3391 |     94 |   2100 |    742 |   5 |  697.0 |
  Orcish Mines |   4064 |   3819 |    245 |    202 |   3032 |   2 | 2032.0 |
        Depths |   4684 |   4558 |    126 |    421 |   3592 |   4 | 1171.0 |
           Zot |   5889 |   5889 |      0 |   3737 |    571 |   5 | 1177.8 |
        Bailey |    291 |    291 |      0 |      0 |    184 |   1 |  291.0 |
               +--------+--------+--------+--------+--------+-----+--------+

Top non-repeatable levels by time:
  Lair:2: 3532 daAuts
 Swamp:2: 3258 daAuts
  Lair:6: 3204 daAuts
    D:11: 2989 daAuts
   Orc:2: 2649 daAuts
Spider:4: 2589 daAuts
  Lair:5: 2543 daAuts
Spider:1: 2463 daAuts
Spider:2: 2313 daAuts
     D:8: 2261 daAuts
   Zot:4: 2253 daAuts
  Lair:3: 2135 daAuts
   Zot:5: 2052 daAuts
 Slime:4: 2009 daAuts
    D:13: 1975 daAuts
